Map: Blackburn LE

Players

A.I. 1 (Very Easy)

  • Race: Terran Terran

Atreyu - Winner!

  • Race: Terran Terran
  • League: Master

VOD

https://youtu.be/tP9BXOsj-xw

Description

Time

  • Played on: June 14, 2021, 7:31 p.m.
  • Length: 6:09
Show
View Real Time Build Order
Export as new Build Order

A.I. 1 (Very Easy) Terran 

Build Orders:  

Get SALT Encoding   

  6  0:00  SCV  
  13  0:13  SCV  
  14  0:19  Supply Depot  
  14  0:37  Refinery  
  14  0:42  Barracks  
  14  1:07  Supply Depot  
  14  1:12  Refinery  
  14  1:30  Marine  
  14  1:31  SCV  
  16  1:43  SCV  
  17  1:55  SCV  
  18  2:04  Marine  
  18  2:07  SCV  
  20  2:19  SCV  
  21  2:32  SCV  
  22  2:37  Marine  
  23  2:45  Orbital Command  
  23  4:33  Marine  
  21  4:47  SCV  
  18  4:59  SCV  
  17  5:06  Marine  
  15  5:11  SCV  
  12  5:23  SCV  
  13  5:35  Marine, SCV  
  15  5:47  SCV  
  15  5:54  Supply Depot  
Show
View Real Time Build Order
Export as new Build Order

Atreyu Terran - Winner!

Build Orders: 1/1/1, Banshee Rush 

Get SALT Encoding   

  6  0:00  SCV  
  13  0:12  SCV  
  14  0:17  Supply Depot  
  14  0:24  SCV  
  15  0:28  Refinery  
  15  0:38  SCV  
  16  0:44  Barracks  
  16  0:50  SCV  
  17  0:58  Refinery  
  17  1:02  SCV  
  18  1:14  SCV  
  19  1:31  Barracks Reactor  
  19  1:33  Orbital Command  
  19  1:36  Factory  
  19  1:50  Supply Depot  
  19  1:59  SCV  
  20  2:08  Marine x2  
  21  2:12  SCV  
  23  2:20  Starport  
  23  2:21  Factory Tech Lab  
  23  2:24  SCV  
  23  2:27  Marine x2  
  26  2:34  Supply Depot  
  26  2:38  SCV  
  27  2:47  Marine x2  
  30  2:51  Factory Tech Lab  
  30  2:57  Supply Depot  
  29  3:03  Banshee  
  29  3:05  Cloaking Field  
  32  3:11  Marine x2  
  34  3:19  Siege Tank  
  37  3:26  Supply Depot  
  37  3:29  Marine  
  37  3:30  Marine  
  39  3:45  Banshee  
  42  3:51  Siege Tank  
  42  3:52  Supply Depot  
  42  3:54  Marine  
  46  3:56  Marine  
  47  4:12  Marine  
  47  4:15  Marine, Supply Depot  
  49  4:23  Siege Tank  
  52  4:30  Marine  
  52  4:31  Banshee  
  53  4:32  Marine  
  57  4:38  Supply Depot  
  57  4:48  Marine  
  57  4:50  Marine  
  59  4:55  Siege Tank  
  62  5:01  Supply Depot  
  62  5:06  Marine  
  63  5:08  Marine  
  64  5:19  Banshee  
  67  5:23  Marine, Supply Depot  
  67  5:26  Marine  
  69  5:31  Siege Tank  
  72  5:41  Marine  
  73  5:44  Marine  
  73  5:46  Supply Depot  
Tags
 
League
Master
Matchup
TvT
Opening
1/1/1
Race
Terran
Strategy
Banshee Rush
Add a new tag
Caveats
  • Supply blocks, unpowered buildings, or Contaminate may cause inaccurate times.
  • Supply counts are checked every 10 seconds.